CLL
BAKERSFIELD BEARS @ LODI CRUSHERS
06/08/1982
 
TOP OF THE 1ST
Bakersfield Bears batting - Pitching for Lodi Crushers : RHP Dale Brown
Pitching: RHP Dale Brown
Batting: LHB Kevin Waller 0-0: Ball
1-0: Foul Ball, location: 2F
1-1: Ball
2-1: Ground out 4-3 (Groundball, 4M, EV 101.9 MPH)
Batting: RHB Antonio Alicea 0-0: Ground out U3 (Groundball, 3L, EV 101.9 MPH)
Batting: LHB Jim Eppard 0-0: Ball
1-0: Ball
2-0: Called Strike
2-1: Foul Ball, location: 2F
2-2: Fly out, F8 (Flyball, 8RD, EV 103.1 MPH)
Top of the 1st over - 0 runs, 0 hits, 0 errors, 0 left on base; Bakersfield 0 - Lodi 0
BOTTOM OF THE 1ST
Lodi Crushers batting - Pitching for Bakersfield Bears : RHP Bradley Barclay
Pitching: RHP Bradley Barclay
Batting: LHB Adrian Zepeda 0-0: Called Strike
0-1: Ball
1-1: Ball
2-1: Called Strike
2-2: Foul Ball, location: 2F
2-2: Ground out 5-3 (Groundball, 56S, EV 83.8 MPH)
Batting: LHB Francisco Jabalera 0-0: Ball
1-0: Foul Ball, location: 2F
1-1: Hit by Pitch
Batting: RHB Carmelo Martinez 0-0: Ball
1-0: Fielders Choice at 2nd, 4-6 (Groundball, 4M, EV 103.1 MPH)
Batting: RHB Ron Karkovice 0-0: Ball
Carmelo Martinez steals 2nd base
1-0: Fly out, F4 (Popup, 3S, EV 80.0 MPH)
Bottom of the 1st over - 0 runs, 0 hits, 0 errors, 1 left on base; Bakersfield 0 - Lodi 0
TOP OF THE 2ND
Bakersfield Bears batting - Pitching for Lodi Crushers : RHP Dale Brown
Batting: RHB Steve Buechele 0-0: Ball
1-0: Ball
2-0: Ball
3-0: Called Strike
3-1: Foul Ball, location: 2F
3-2: Base on Balls
Batting: LHB Gregory DeLaune 0-0: Ball
1-0: Ball
2-0: SINGLE (Line Drive, 3D, EV 105.6 MPH)
Steve Buechele to second
Batting: RHB James Oros 0-0: Ball
1-0: Grounds into double play, 6-4-3 (Groundball, 6M, EV 108.8 MPH)
Steve Buechele to third
Batting: RHB Trey Brooks 0-0: Ball
1-0: Foul Ball, location: 2F
1-1: Fly out, F9 (Line Drive, 9D, EV 97.5 MPH)
Top of the 2nd over - 0 runs, 1 hit, 0 errors, 1 left on base; Bakersfield 0 - Lodi 0
BOTTOM OF THE 2ND
Lodi Crushers batting - Pitching for Bakersfield Bears : RHP Bradley Barclay
Batting: LHB Jeff Reed 0-0: Ball
1-0: Called Strike
1-1: Ball
2-1: Ball
3-1: Foul Ball, location: 2F
3-2: Foul Ball, location: 2F
3-2: Foul Ball, location: 2F
3-2: Fly out, F7 (Flyball, 7D, EV 100.0 MPH)
Batting: RHB Chris Baker 0-0: Ball
1-0: Foul Ball, location: 2F
1-1: Reached on error, E4 (Groundball, 4, EV 88.8 MPH)
Batting: RHB Steve Aragon 0-0: Fly out, F9 (Flyball, 9D, EV 96.9 MPH)
Batting: SHB Leon Baham 0-0: Ball
1-0: Ball
2-0: Ball
3-0: Called Strike
3-1: Base on Balls
Chris Baker to second
Batting: RHB Kerry Baker 0-0: Foul Ball, location: 2F
0-1: Foul Ball, location: 2F
0-2: Ball
1-2: Strikes out looking
Bottom of the 2nd over - 0 runs, 0 hits, 1 error, 2 left on base; Bakersfield 0 - Lodi 0
TOP OF THE 3RD
Bakersfield Bears batting - Pitching for Lodi Crushers : RHP Dale Brown
Batting: RHB Steven Houlberg 0-0: Called Strike
0-1: Swinging Strike
0-2: Strikes out swinging
Batting: RHB Jeff Rudolph 0-0: Foul Ball, location: 2F
0-1: Called Strike
0-2: Foul Ball, location: 2F
0-2: Ground out 6-3 (Groundball, 6MS, EV 86.9 MPH)
Batting: LHB Kevin Waller 0-0: Foul Ball, location: 2F
0-1: Foul Ball, location: 2F
0-2: Ball
1-2: Strikes out looking
Top of the 3rd over - 0 runs, 0 hits, 0 errors, 0 left on base; Bakersfield 0 - Lodi 0
BOTTOM OF THE 3RD
Lodi Crushers batting - Pitching for Bakersfield Bears : RHP Bradley Barclay
Batting: LHB Adrian Zepeda 0-0: Ball
1-0: Fly out, F7 (Flyball, 78D, EV 110.0 MPH)
Batting: LHB Francisco Jabalera 0-0: Foul Ball, location: 2F
0-1: Ball
1-1: Foul Ball, location: 2F
1-2: Ground out 4-3 (Groundball, 4, EV 85.0 MPH)
Batting: RHB Carmelo Martinez 0-0: Ball
1-0: Called Strike
1-1: Ball
2-1: Fly out, F9 (Flyball, 9LS, EV 72.5 MPH)
Bottom of the 3rd over - 0 runs, 0 hits, 0 errors, 0 left on base; Bakersfield 0 - Lodi 0
TOP OF THE 4TH
Bakersfield Bears batting - Pitching for Lodi Crushers : RHP Dale Brown
Batting: RHB Antonio Alicea 0-0: Swinging Strike
0-1: Ball
1-1: Foul Ball, location: 2F
1-2: Ball
2-2: Fly out, F4 (Flyball, 34D, EV 82.5 MPH)
Batting: LHB Jim Eppard 0-0: Fly out, F8 (Flyball, 78D, EV 89.4 MPH)
Batting: RHB Steve Buechele 0-0: Foul Ball, location: 2RF, Error on foul ball, E2
0-1: Ball
1-1: Fly out, F8 (Flyball, 8RS, EV 92.5 MPH)
Top of the 4th over - 0 runs, 0 hits, 1 error, 0 left on base; Bakersfield 0 - Lodi 0
BOTTOM OF THE 4TH
Lodi Crushers batting - Pitching for Bakersfield Bears : RHP Bradley Barclay
Batting: RHB Ron Karkovice 0-0: Ball
1-0: Ball
2-0: Ball
3-0: Base on Balls
Batting: LHB Jeff Reed 0-0: Ball
1-0: Fielders Choice at 2nd, U6 (Groundball, 4M, EV 85.0 MPH)
Now at SS: Jack Lopez
Batting: RHB Chris Baker 0-0: Called Strike
0-1: Foul Ball, location: 2F
0-2: SINGLE (Groundball, 34D, EV 108.1 MPH)
Jeff Reed to second
Runner from 2nd tries for 3rd, SAFE, no throw by RF
Batting: RHB Steve Aragon 0-0: Ball
1-0: Fly out, F9 (Flyball, 9, EV 86.3 MPH)
Runner from 3rd tags up, SCORES, throw by RF
Batting: SHB Leon Baham 0-0: Fielders Choice at 2nd, 5-4 (Groundball, 5L, EV 83.8 MPH)
Bottom of the 4th over - 1 run, 1 hit, 0 errors, 1 left on base; Bakersfield 0 - Lodi 1
TOP OF THE 5TH
Bakersfield Bears batting - Pitching for Lodi Crushers : RHP Dale Brown
Batting: LHB Gregory DeLaune 0-0: Called Strike
0-1: Swinging Strike
0-2: Ball
1-2: Foul Ball, location: 2F
1-2: Strikes out looking
Batting: RHB James Oros 0-0: Ball
1-0: Ground out 6-3 (Groundball, 6M, EV 91.9 MPH)
Batting: RHB Trey Brooks 0-0: Foul Ball, location: 2F
0-1: Ball
1-1: Swinging Strike
1-2: Ball
2-2: Ball
3-2: Ground out 6-3 (Groundball, 6, EV 98.8 MPH)
Top of the 5th over - 0 runs, 0 hits, 0 errors, 0 left on base; Bakersfield 0 - Lodi 1
BOTTOM OF THE 5TH
Lodi Crushers batting - Pitching for Bakersfield Bears : RHP Bradley Barclay
Batting: RHB Kerry Baker 0-0: Foul Ball, location: 2F
0-1: Ground out 6-3 (Groundball, 6, EV 90.6 MPH)
Batting: LHB Adrian Zepeda 0-0: Foul Ball, location: 2F
0-1: Ball
1-1: Ball
2-1: Ball
3-1: Base on Balls
Batting: LHB Francisco Jabalera 0-0: Ball
1-0: SINGLE (Groundball, 6MS, EV 62.5 MPH) (infield hit)
Adrian Zepeda to second
Batting: RHB Carmelo Martinez 0-0: Called Strike
0-1: Ball
1-1: Foul Ball, location: 2F
1-2: Ball
2-2: SINGLE (Line Drive, 9LS, EV 101.9 MPH)
Adrian Zepeda to third
Francisco Jabalera to second
Runner from 3rd tries for Home, SAFE, throw by RF to home
Batting: RHB Ron Karkovice 0-0: Called Strike
0-1: Called Strike
0-2: Ball
1-2: Ball
2-2: Ball
3-2: SINGLE (Groundball, 4MD, EV 103.1 MPH)
Francisco Jabalera to third
Carmelo Martinez to second
Runner from 3rd tries for Home, SAFE, throw by CF to home
Batting: LHB Jeff Reed 0-0: Swinging Strike
0-1: Grounds into double play, 4-6-3 (Groundball, 4, EV 110.0 MPH)
Bottom of the 5th over - 2 runs, 3 hits, 0 errors, 1 left on base; Bakersfield 0 - Lodi 3
TOP OF THE 6TH
Bakersfield Bears batting - Pitching for Lodi Crushers : RHP Dale Brown
Batting: RHB Jack Lopez 0-0: Ball
1-0: Called Strike
1-1: Called Strike
1-2: Foul Ball, location: 2F
1-2: SINGLE (Groundball, 6MD, EV 103.8 MPH)
Batting: RHB Jeff Rudolph 0-0: Bunt missed!
0-1: Ball
1-1: Bunt - Flyout to 15! F1
Batting: LHB Kevin Waller 0-0: Ball
1-0: Foul Ball, location: 2F
1-1: Fly out, F2 (Popup, 25F, EV 85.0 MPH)
Batting: RHB Antonio Alicea 0-0: Ball
1-0: Ball
Jack Lopez steals 2nd base
2-0: Ground out 4-3 (Groundball, 4, EV 84.4 MPH)
Top of the 6th over - 0 runs, 1 hit, 0 errors, 1 left on base; Bakersfield 0 - Lodi 3
BOTTOM OF THE 6TH
Lodi Crushers batting - Pitching for Bakersfield Bears : RHP Bradley Barclay
Batting: RHB Chris Baker 0-0: Ball
1-0: Ball
2-0: Foul Ball, location: 2F
2-1: Swinging Strike
2-2: Strikes out swinging
Batting: RHB Steve Aragon 0-0: Ball
1-0: Ball
2-0: Ball
3-0: Base on Balls
Batting: SHB Leon Baham 0-0: Called Strike
0-1: Foul Ball, location: 2F
0-2: Ball
1-2: Fielders Choice at 2nd, 3-6 (Groundball, 3, EV 81.9 MPH)
Batting: RHB Kerry Baker 0-0: DOUBLE (Flyball, 78D, EV 115.6 MPH)
Leon Baham to third
Runner from 3rd tries for Home, SAFE, throw by CF to home
Batting: LHB Adrian Zepeda 0-0: Ball
Wild Pitch!
Kerry Baker to third
1-0: Called Strike
1-1: Swinging Strike
1-2: Ball
2-2: SINGLE (Line Drive, 6MD, EV 95.6 MPH)
Kerry Baker scores
Batting: LHB Francisco Jabalera 0-0: Fielders Choice at 2nd, 5-4 (Groundball, 56, EV 100.0 MPH)
Bottom of the 6th over - 2 runs, 2 hits, 0 errors, 1 left on base; Bakersfield 0 - Lodi 5
TOP OF THE 7TH
Bakersfield Bears batting - Pitching for Lodi Crushers : RHP Dale Brown
Batting: LHB Jim Eppard 0-0: Ball
1-0: Ball
2-0: Foul Ball, location: 2F
2-1: Foul Ball, location: 2F
2-2: SINGLE (Line Drive, 6M, EV 96.3 MPH)
Batting: RHB Steve Buechele 0-0: Called Strike
0-1: Ball
1-1: Fielders Choice at 2nd, 6-4 (Groundball, 6, EV 87.5 MPH)
Batting: LHB Gregory DeLaune 0-0: Foul Ball, location: 2F
0-1: Ball
1-1: Swinging Strike
1-2: Strikes out swinging
Batting: RHB James Oros 0-0: Foul Ball, location: 2F
0-1: SINGLE (Groundball, 4MD, EV 102.5 MPH)
Steve Buechele to second
Runner from 2nd tries for 3rd, SAFE, no throw by CF
Batting: RHB Trey Brooks 0-0: Ball
1-0: Called Strike
1-1: Ball
2-1: Swinging Strike
2-2: Foul Ball, location: 2F
2-2: Strikes out swinging
Top of the 7th over - 0 runs, 2 hits, 0 errors, 2 left on base; Bakersfield 0 - Lodi 5
BOTTOM OF THE 7TH
Lodi Crushers batting - Pitching for Bakersfield Bears : RHP Bradley Barclay
Batting: RHB Carmelo Martinez 0-0: Ball
1-0: Ball
2-0: Called Strike
2-1: Ball
3-1: Base on Balls
Pitching: LHP Richard Ford
Batting: RHB Ron Karkovice 0-0: Called Strike
0-1: Ball
1-1: Swinging Strike
1-2: Ball
Balk!
Carmelo Martinez to second
2-2: Strikes out swinging
Batting: LHB Jeff Reed 0-0: Ball
1-0: Ball
2-0: Ball
3-0: Called Strike
3-1: Swinging Strike
3-2: Ground out U3 (Groundball, 3S, EV 89.4 MPH)
Carmelo Martinez to third
Batting: RHB Chris Baker 0-0: Ball
1-0: Called Strike
1-1: Ball
2-1: Ball
3-1: Base on Balls
Batting: RHB Steve Aragon 0-0: Ball
1-0: Called Strike
1-1: Foul Ball, location: 2F
1-2: Foul Ball, location: 2F
1-2: Foul Ball, location: 2F
1-2: Foul Ball, location: 2F
1-2: Foul Ball, location: 2F
1-2: Foul Ball, location: 2F
1-2: Ball
2-2: Ball
3-2: Base on Balls
Chris Baker to second
Batting: SHB Leon Baham 0-0: Called Strike
0-1: Foul Ball, location: 2F
0-2: Ball
1-2: Ball
2-2: Ball
3-2: Fly out, F7 (Flyball, 78M, EV 84.4 MPH)
Bottom of the 7th over - 0 runs, 0 hits, 0 errors, 3 left on base; Bakersfield 0 - Lodi 5
TOP OF THE 8TH
Bakersfield Bears batting - Pitching for Lodi Crushers : RHP Dale Brown
Batting: RHB Jack Lopez 0-0: Ball
1-0: Foul Ball, location: 2F
1-1: Foul Ball, location: 2F
1-2: Foul Ball, location: 2F
1-2: SINGLE (Groundball, 56D, EV 103.8 MPH)
Batting: RHB Jeff Rudolph 0-0: Ball
1-0: SINGLE (Line Drive, 6D, EV 96.9 MPH)
Jack Lopez to second
Batting: LHB Kevin Waller 0-0: Called Strike
0-1: Ball
1-1: Ball
2-1: Ball
3-1: Called Strike
3-2: Fly out, F8 (Flyball, 8RS, EV 84.4 MPH)
Batting: RHB Antonio Alicea 0-0: Swinging Strike
0-1: Called Strike
0-2: Grounds into double play, 6-4-3 (Groundball, 6, EV 83.1 MPH)
Top of the 8th over - 0 runs, 2 hits, 0 errors, 1 left on base; Bakersfield 0 - Lodi 5
BOTTOM OF THE 8TH
Lodi Crushers batting - Pitching for Bakersfield Bears : LHP Richard Ford
Batting: RHB Kerry Baker 0-0: Ball
1-0: Swinging Strike
1-1: Foul Ball, location: 2F
1-2: Ball
2-2: Foul Ball, location: 2F
2-2: Foul Ball, location: 2F
2-2: Ground out 6-3 (Groundball, 6, EV 87.5 MPH)
Batting: LHB Adrian Zepeda 0-0: Swinging Strike
0-1: Foul Ball, location: 2F
0-2: Ball
1-2: Ball
2-2: Ball
3-2: Base on Balls
Pitching: RHP David Hanson
Batting: LHB Francisco Jabalera 0-0: Ball
1-0: Ball
Adrian Zepeda steals 2nd base
2-0: Called Strike
2-1: Swinging Strike
2-2: Ball
3-2: Fly out, F5 (Line Drive, 5, EV 75.6 MPH)
Batting: RHB Carmelo Martinez 0-0: SINGLE (Line Drive, 78M, EV 101.3 MPH)
Adrian Zepeda to third
Runner from 3rd tries for Home, SAFE, throw by CF to home
Batting: RHB Ron Karkovice 0-0: Ball
1-0: Foul Ball, location: 2F
1-1: Fly out, F9 (Flyball, 89XD, EV 81.3 MPH)
Bottom of the 8th over - 1 run, 1 hit, 0 errors, 1 left on base; Bakersfield 0 - Lodi 6
TOP OF THE 9TH
Bakersfield Bears batting - Pitching for Lodi Crushers : RHP Dale Brown
Batting: LHB Jim Eppard 0-0: Ball
1-0: Ball
2-0: Ball
3-0: Base on Balls
Batting: RHB Steve Buechele 0-0: Called Strike
0-1: Swinging Strike
0-2: Foul Ball, location: 2F
0-2: Foul Ball, location: 2F
0-2: Fly out, F3 (Popup, 23, EV 91.3 MPH)
Batting: LHB Gregory DeLaune 0-0: Called Strike
0-1: Ball
1-1: Foul Ball, location: 2F
1-2: Reached on error, E6 (Groundball, 56, EV 108.1 MPH)
Jim Eppard to second
Batting: RHB James Oros 0-0: Ball
1-0: Ball
2-0: Fly out, F9 (Flyball, 9, EV 90.0 MPH)
Batting: RHB Trey Brooks 0-0: Ground out 4-3 (Groundball, 4, EV 105.0 MPH)
Top of the 9th over - 0 runs, 0 hits, 1 error, 2 left on base; Bakersfield 0 - Lodi 6
Thursday, August 6th, 2020 - OOTP Baseball 21.5 Build 76